Unix NetHack Version 5.0.0-0 post-release - last build May 31 2026 23:59:36 (970b52f25bf058293b47ddfd14a1e40e571c508c,branch:main).

Game began 2026-06-01 12:56:49, ended 2026-06-01 14:01:11.

Booker, lawful male human Knight

 ----------
 |........|
 |.........# #          --------------------------------
 |<.......|  ##         |..............................|
 |.........############ |...--------.......-----------[|
 -----|----     ####%###|...|+++|..|------.|..|(((|.@-@|
                   %   #|...|++.|..|.....|.|..|(((|@)|.|
                   ## ##....|...|-||.._..|.--||...|---.|
                       #|...-|---..|.....|....---|-....|
                       #|..........|.*...|..............
                        -........{.-|-----.{......)....|          -- --------
                        .............)**...*...........-         ...........|
                        |...--|--...........--+---|-...|                    |
                        |...|...|-------.---|  |..)|...|
                        |...|(.(|  |%%.|.-..|  |/[[|...|
                        |...|](.|  |%%.-.| .|--|]!)|...|
                        |...-----+------.----..-----...|
                        |..............................|
                        --------------------------------

Booker the Bachelor      St:16 Dx:10 Co:12 In:8 Wi:15 Ch:17  Lawful S:2368
Dlvl:6  $:0  HP:0(51) Pw:52(52) AC:2  Xp:6/514 T:3350 

Latest messages:
 You are hit by the 3rd elven arrow!
 The 4th elven arrow hits the Woodland-elf.
 The Woodland-elf shoots 2 elven arrows!
 The 1st elven arrow hits the Woodland-elf.
 The 2nd elven arrow misses the Woodland-elf.
 The 2nd elven arrow hits the Woodland-elf!
 In what direction?
 The door closes.
 What do you want to use or apply? [sCMTXZ or ?*]
 In what direction?
 Lock it? [ynq] (q)
 You succeed in locking the door.
 You are in full health.
 What do you want to drop? [a-dfqsuBCEM-OTXZ or ?*]
 You drop an elven arrow.
 This door is locked.
 Unlock it with your lock pick? [ynq] (q)
 You succeed in picking the lock.
 The door opens.
 The Woodland-elf swings her elven bow.
 The Woodland-elf hits!
 You hit the Woodland-elf!
 Your hands stop glowing red.
 The Woodland-elf swings her elven bow.
 The Woodland-elf hits!
 You kill the Woodland-elf!
 The Woodland-elf swings her elven broadsword.
 The Woodland-elf hits!
 You can't move diagonally out of an intact doorway.
 It's a wall.
 You see here an elven arrow.
 The Woodland-elf swings her elven broadsword.
 The Woodland-elf hits!
 It's a wall.
 The Woodland-elf picks up a crossbow.
 #
 You begin praying to Lugh.
 You are surrounded by a shimmering light.
 The Woodland-elf starts to attack you, but pulls back.
 The Woodland-elf starts to attack you, but pulls back.
 The Woodland-elf starts to attack you, but pulls back.
 You finish your prayer.
 You feel that Lugh is well-pleased.
 The voice of Lugh booms out: 
 "Hark, mortal!"
 "To enter the castle, thou must play the right tune!"
 You hit the Woodland-elf!
 The Woodland-elf swings her elven broadsword.
 The Woodland-elf hits!
 You die...

Inventory:
 Amulets  ('"')
  E - an uncursed amulet of unchanging (being worn)
 Weapons  (')')
  a - an uncursed +4 long sword (weapon in right hand)
 Armor    ('[')
  d - an uncursed rusty +0 helmet (being worn)
  f - an uncursed +0 pair of leather gloves (being worn)
  N - an uncursed +0 pair of iron shoes (being worn)
  u - an uncursed +0 shield of reflection (being worn)
  O - an uncursed +0 dwarvish cloak
  c - an uncursed rusty +1 ring mail (being worn)
 Comestibles  ('%')
  B - 3 uncursed food rations
 Rings    ('=')
  q - an uncursed ring of poison resistance (on left hand)
 Tools    ('(')
  s - an uncursed bag of holding named holding containing 7 items
  C - an uncursed blindfold
  T - an uncursed lock pick
  M - 2 uncursed partly used tallow candles
  Z - an uncursed tallow candle
  X - an uncursed +0 unicorn horn

Contents of the bag of holding named holding:
  32 gold pieces
  an uncursed +1 lance
  2 uncursed apples
  10 uncursed carrots
  a blessed scroll of identify named indent
  an uncursed potion of extra healing
  an uncursed potion of water

Booker the Knight's attributes:

Background:
 You were a Bachelor, a level 6 male human Knight.
 You were lawful, on a mission for Lugh
 who was opposed by Brigit (neutral) and Manannan Mac Lir (chaotic).
 You were right-handed.
 You were in the Gnomish Mines, on level 6.
 You entered the dungeon 3350 turns ago.
 There was a full moon in effect when your adventure ended.
 You had 514 experience points, 126 more were needed to attain level 7.
 Your score was 2368 before end-of-game adjustments.

Basics:
 You had 0 out of 51 hit points.
 You had all 52 energy points (spell power).
 Your armor class was 2.
 Your wallet was empty, but
 you had 32 zorkmids stashed away in your pack.
 Autopickup was on for '$%?!"=/' plus thrown, with exceptions.

Final Characteristics:
 Your strength was 16 (limit:18/100).
 Your dexterity was 10 (limit:18).
 Your constitution was 12 (limit:18).
 Your intelligence was 8 (limit:18).
 Your wisdom was 15 (limit:18).
 Your charisma was 17 (limit:18).

Final Status:
 You weren't hungry.
 You were unencumbered.
 You were wielding a long sword.
 You had basic skill with long sword and could have enhanced that.

Final Attributes:
 You were piously aligned.
 You were poison resistant.
 You could jump.
 You were warded.
 Your spell casting was impaired by metallic armor.
 You couldn't change from your current form.
 You had reflection.
 You were lucky.
 You are dead.

Miscellaneous:
 You disabled loading and storing of bones levels.
 Total elapsed playing time was 1 hour, 4 minutes and 21 seconds.

Major events:
 Turn
    1: Booker the lawful male human Knight entered the dungeon
 1615: attained the rank of Esquire (level 3)
 1934: entered the Gnomish Mines
 2649: attained the rank of Bachelor (level 6)
 2691: reached Mine Town
 3350: killed by a Woodland-elf

Spells:
 Name                 Level Category     Fail Retention
 sleep                  3   enchantment  100%  76%-100%

Skills:
 Fighting Skills
   bare handed combat [Unskilled]
   two weapon combat  [Unskilled]
   riding             [Basic]
 Weapon Skills
   dagger             [Unskilled]
   knife              [Unskilled]
   axe                [Unskilled]
   pick-axe           [Unskilled]
   short sword        [Unskilled]
   broadsword         [Unskilled]
   long sword         [Basic]
   two-handed sword   [Unskilled]
   saber              [Unskilled]
   club               [Unskilled]
   mace               [Unskilled]
   morning star       [Unskilled]
   flail              [Unskilled]
   hammer             [Unskilled]
   polearms           [Unskilled]
   spear              [Unskilled]
   trident            [Unskilled]
   lance              [Basic]
   bow                [Unskilled]
   crossbow           [Unskilled]
 Spellcasting Skills
   attack spells      [Unskilled]
   healing spells     [Unskilled]
   clerical spells    [Unskilled]

Voluntary challenges:
 Character rerolling was not enabled.
 You never genocided any monsters.
 You never polymorphed an object.
 You never changed form.
 You used no wishes.
Achievements:
 You entered a shop.
 You attained the rank of Esquire.
 You entered the Gnomish Mines.
 You attained the rank of Bachelor.
 You entered Minetown.
 You entered a temple.

 The Dungeons of Doom: levels 1 to 3
    Level 1:
       An altar to Lugh.
    Level 2:
       A general store, some sinks.
    Level 3:
       A general store, some fountains.
       Stairs down to The Gnomish Mines.
 The Gnomish Mines: levels 4 to 6
    Level 4:
    Level 5:
    Level 6: <- You were here.
       Many shops, a temple and an altar to Lugh, some fountains.
       Final resting place for
          you, killed by a Woodland-elf.
 The Tutorial: levels 1 to 2
    Level 1:
       A tree.
    Level 2:


Vanquished creatures:
  a large mimic
  a quivering blob
  a gnome ruler
  a black unicorn
  a Woodland-elf
  a rock piercer
  3 rock moles
  2 gnome leaders
  3 gnomish wizards
  a kobold mummy
  a dwarf
  a homunculus
  a centipede
  a giant bat
  2 dwarf zombies
 an iguana
  2 coyotes
  a gas spore
  2 hobbits
  a giant rat
  a yellow mold
 17 gnomes
  4 jackals
  a fox
  a kobold
  a goblin
  5 grid bugs
  4 lichens
  9 newts
71 creatures vanquished.

No species were genocided or became extinct.

Game over:
                       ----------
                      /          \
                     /    REST    \
                    /      IN      \
                   /     PEACE      \
                  /                  \
                  |      Booker      |
                  |      32 Au       |
                  |   killed by a    |
                  |   Woodland-elf   |
                  |                  |
                  |                  |
                  |       2026       |
                 *|     *  *  *      | *
        _________)/\\_//(\/(/\)/\//\/|_)_______

Fare thee well Booker the Knight...

You died in The Gnomish Mines on dungeon level 6 with 2365 points,
and 32 pieces of gold, after 3350 moves.
You were level 6 with a maximum of 51 hit points when you died.

